 Dungeon Crawl Stone Soup version 0.27.1-33-g824d729ab1 (webtiles) character file.

Game seed: 2341002368978128136

1221 McKennaii the Destroyer (level 8, -11/57 HPs)
             Began as a Demigod Conjurer on Dec 3, 2021.
             Killed by vampiric draining
             ... invoked by Flure's ghost
              (16 damage)
             ... on level 4 of the Dungeon.
             The game lasted 00:09:51 (6170 turns).

McKennaii the Destroyer (Demigod Conjurer)          Turns: 6170, Time: 00:09:51

Health: -11/57     AC:  3    Str:  8    XL:     8   Next: 3%
Magic:  0/15       EV: 12    Int: 28    God:
Gold:   330        SH:  0    Dex: 12    Spells: 6/13 levels left

rFire    . . .     SeeInvis +   e - staff of conjuration
rCold    . . .     Faith    .   (no shield)
rNeg     . . .     Spirit   .   a - +0 robe
rPois    .         Reflect  .   (no helmet)
rElec    .         Harm     .   b - +0 cloak
rCorr    .         Rampage  .   (no gloves)
Will     .....                  (no boots)
Stlth    ++........             l - amulet of the acrobat
HPRegen  0.19/turn              d - ring of see invisible
MPRegen  0.14/turn              (no ring)

@: weak-willed, flying, very slightly contaminated
A: high mp 1, forlorn
a: no special abilities


You were on level 4 of the Dungeon.
You visited 1 branch of the dungeon, and saw 7 of its levels.
You also visited: Sewer.

You collected 330 gold pieces.

Inventory:

Armour
 a - a +0 robe (worn)
 b - a +0 cloak (worn)
Magical Staves
 e - a staff of conjuration (weapon)
Jewellery
 d - a ring of see invisible (left hand)
 l - an amulet of the acrobat (around neck)
Scrolls
 c - 2 scrolls of enchant weapon
 g - a scroll of identify
 j - a scroll of teleportation {unknown}
 k - a scroll of noise {unknown}
 m - a scroll of blinking {unknown}
 o - a scroll of amnesia {unknown}


   Skills:
 - Level 1.7 Dodging
 - Level 1.7 Stealth
 - Level 3.0 Spellcasting
 + Level 9.4 Conjurations


You had 6 spell levels left.
You knew the following spells:

 Your Spells              Type           Power      Damage    Failure   Level
a - Magic Dart            Conj           100%       1d8       1%          1
b - Searing Ray           Conj           100%       3d7       1%          2
c - Iskenderun's Mystic   Conj/Tloc      46%        2d10      12%         4

Your spell library contained the following spells:

 Spells                   Type           Power      Damage    Failure   Level
 Dazzling Flash           Conj/Hex       92%        N/A       3%          3
 Beastly Appendage        Tmut           8%         N/A       9%          1
 Wereblood                Tmut           4%         N/A       12%         2
 Fulminant Prism          Conj/Hex       23%        3d13      12%         4
 Spider Form              Tmut/Pois      2%         N/A       24%         3


Dungeon Overview and Level Annotations

Branches:
Dungeon (7/15)              Sewer (visited)
 Temple: D:4-7

Annotations:
D:4 Flure's ghost, amateur HuNe


Innate Abilities, Weirdness & Mutations

Your attributes grow dramatically as you level up.
You have an increased reservoir of magic. (+10% MP)
You shall have no god before yourself.


Message History

Confirm with . or Enter, or press ? or * to list all spells.
You feel a surge of power!
You erupt in a blast of force!
The mystic blast hits Flure's ghost!
Flure's ghost is severely damaged.
Flure's ghost is knocked back by the mystic blast.
You feel sick.
It was a potion of flight.
You feel very buoyant.
You fly up into the air.
You feel sick.
You feel sick.
You are no longer poisoned.
It was a potion of curing.
You feel better.
Flure's ghost points at you and mumbles some strange words.
Pain shoots through your body!
* * * LOW HITPOINT WARNING * * *
Okay, then.
Unknown command.
You feel better.
As you read the scroll labelled JUIW OTUGAC, it crumbles to dust.
It is a scroll of identify.
c - 2 scrolls of enchant weapon
Okay, then.
Casting: Iskenderun's Mystic Blast (dangerous; 12% risk of failure)
Confirm with . or Enter, or press ? or * to list all spells.
Aiming: Magic Dart (safe; 1% risk of failure)
Press: ? - help, Shift-Dir - straight line, f/p - Flure's ghost
Aim: Flure's ghost, wielding a vorpal weapon (severely damaged, 100% to hit)
You feel a surge of power!
The magic dart hits Flure's ghost but does no damage.
Flure's ghost is severely damaged.
Flure's ghost hits you!
* * * LOW HITPOINT WARNING * * *
x2 Unknown command.
Okay, then.
You aren't carrying any potions.
Unknown command.
As you read the scroll labelled NEMATH CAAR, it crumbles to dust.
Magic quickly surges around you.
It was a scroll of vulnerability.
Flure's ghost draws life force from you!
You die...

#.# #########.##..#
#.####### ##.##...
#.......#######.....##
#######.##......#.....
#......####....###
#..(...####....###
#...........#.....
#.......########..
#@W.....'†≈≈≈$≈###
###.....######## #
#......###.#.# #
#†....## #.#.###
#.....# ##.#....
###.### #..##### #.#
#.## ## #.# #.# ##.
#.# #.# #..


You could see Flure's ghost (weak-willed).

Vanquished Creatures
  Eustachio (D:4)
  A wyvern (D:7)
  A necrophage (D:5)
  A black bear (D:3)
  A phantom (D:5)
  2 bullfrogs (Sewer)
  2 howler monkeys (D:7)
  3 wights (D:6)
  A centaur zombie (D:5)
  A hound (D:4)
  An iguana (D:4)
  2 hound skeletons (D:4)
  14 adders
  An ufetubus (D:5)
  An adder skeleton (D:4)
  3 worms
  3 orcs
  15 ball pythons
  4 bats
  18 endoplasms
  10 giant cockroaches
  7 goblins
  6 hobgoblins
  6 quokkas
  8 frilled lizards
  6 kobolds
  7 rats
126 creatures vanquished.

Notes
Turn   | Place    | Note
-------+----------+-------------------------------------------
     0 | D:1      | McKennaii the Demigod Conjurer began the quest for the Orb.
     0 | D:1      | Reached XP level 1. HP: 14/14 MP: 5/5
     1 | D:1      | Noticed an electric eel
   356 | D:1      | Reached XP level 2. HP: 20/20 MP: 4/8
   478 | D:1      | Learned a level 2 spell: Searing Ray
  1353 | D:2      | Reached XP level 3. HP: 26/26 MP: 5/10
  1669 | D:2      | Reached skill level 4 in Conjurations
  2151 | D:3      | Noticed a black bear
  2161 | D:3      | Killed a black bear
  2162 | D:3      | Reached skill level 5 in Conjurations
  2162 | D:3      | Reached XP level 4. HP: 33/33 MP: 6/11
  2228 | D:3      | Found a glowing drain.
  2249 | Sewer    | Entered a sewer
  2415 | Sewer    | Reached XP level 5. HP: 38/38 MP: 8/12
  2465 | Sewer    | Learned a level 4 spell: Iskenderun's Mystic Blast
  2957 | Sewer    | Reached skill level 6 in Conjurations
  2995 | Sewer    | Reached XP level 6. HP: 45/45 MP: 1/13
  4382 | D:4      | Found a runed translucent door.
  4546 | D:4      | Noticed Flure's ghost (amateur HuNe)
  4723 | D:4      | Noticed Eustachio
  4729 | D:4      | Killed Eustachio
  4730 | D:4      | Reached skill level 7 in Conjurations
  4847 | D:4      | Reached XP level 7. HP: 43/50 MP: 8/14
  5265 | D:4      | You fall into a shaft and drop 3 floors!
  5316 | D:7      | Noticed a wyvern
  5325 | D:7      | Killed a wyvern
  5326 | D:7      | Reached skill level 8 in Conjurations
  5673 | D:5      | Entered Level 5 of the Dungeon
  5711 | D:5      | Reached skill level 9 in Conjurations
  5800 | D:5      | Reached XP level 8. HP: 57/57 MP: 9/15
  6170 | D:4      | Killed from afar by Flure's ghost

Illustrated notes

Levels and vault maps discovered:
D:1:      arrival_aquarium_a, layout_basic, roderic_malta_cross
D:2:      layout_loops_ring, shapermc_ecumenical_altar_mp_vishouse,
          hangedman_decor_opposing
D:3:      layout_basic, cheibrodos_sewer_entry_bend, minmay_misc_feat_square
D:4:      layout_loops_ring, amcnicky_altar_gilded, ebering_ghost_sewer_d,
          hex_large, minmay_misc_feat_secret_circle, st_stairs_6,
          kennysheep_doodads, uniq_eustachio
D:5:      layout_basic, mainiacjoe_overflow_surrounded_room,
          minmay_temple_entry_arrows, chequers_serial_rivers_marsh
D:6:      layout_loops_ring, mainiacjoe_overflow_paths, nicolae_sextant
D:7:      layout_gridville, kennysheep_mini_moat, nicolae_gozag_seed_capital,
          corner_web_ring

Skill      XL: |  1  2  3  4  5  6  7 |
---------------+----------------------+-----
Spellcasting   | 2 3 |  3.0
Conjurations   | 5 6 7 9 |  9.4
Dodging        | |  1.7
Stealth        | |  1.7

Action                   |  1- 3 |  4- 6 |  7- 9 || total
-------------------------+-------+-------+-------++-------
Melee: Staff             |       |     3 |     1 ||     4
 Cast: Magic Dart        |    75 |   156 |    34 ||   265
       Searing Ray       |     1 |     4 |     9 ||    14
       Iskenderun's Myst |       |     1 |     1 ||     2
  Use: Potion            |       |       |     4 ||     4
       Scroll            |       |       |     2 ||     2
Armor: Robe              |       |     4 |     2 ||     6
Dodge: Dodged            |     2 |    18 |    16 ||    36
